 Dungeon Crawl Stone Soup version 0.25-a0-100-g33052ceff8 (webtiles) character file.

Game seed: 11935647917761120621, levelgen mode: deterministic

28809 Fukker the Fighter (level 13, -2/104 HPs)
             Began as a Demonspawn Monk on Nov 14, 2019.
             Was a High Priest of Okawaru.
             Incinerated by a smoke demon (5 damage)
             ... with a sticky flame
             ... on level 2 of the Orcish Mines.
             The game lasted 00:58:23 (15243 turns).

Fukker the Fighter (Demonspawn Monk)               Turns: 15243, Time: 00:58:24

Health: -2/104     AC: 18    Str: 16    XL:     13   Next: 11%
Magic:  19/19      EV: 17    Int: 12    God:    Okawaru [*****.]
Gold:   91         SH: 15    Dex: 21    Spells: 12/12 levels left

rFire    . . .     SeeInvis +   a - +2 falchion (elec)
rCold    . . .     Gourm    .   C - +0 buckler
rNeg     . . .     Faith    .   H - +3 scale mail {rPois}
rPois    +         Spirit   .   i - +1 hat
rElec    .         Reflect  +   e - scarf {cloud immunity}
rCorr    .         Harm     .   n - +1 pair of gloves {Dex+3}
MR       .....                  (boots unavailable)
Stlth    +.........             r - brooch of Shielding {Reflect SH+8}
HPRegen  0.27/turn              T - +3 ring of protection
MPRegen  0.16/turn              A - ring of see invisible

@: liquid flames, heroism, very slightly contaminated, glowing, studying Short
Blades, lightly drained
A: hooves 3, repulsion field 1, agile 1, powered by pain 2
a: Heroism, Finesse, Renounce Religion


You were on level 2 of the Orcish Mines.
You worshipped Okawaru.
Okawaru was extremely pleased with you.
You were not hungry.

You visited 3 branches of the dungeon, and saw 14 of its levels.
You also visited: Bailey and Ice Cave.

You collected 1735 gold pieces.
You spent 1644 gold pieces at shops.

Inventory:

Hand Weapons
 a - a +2 falchion of electrocution (weapon)
 b - a +8 fustibalus of freezing
Missiles
 g - 569 stones
 s - 55 poisoned darts (quivered)
 y - 12 curare-tipped darts
 B - 2 silver boomerangs
 E - 3 throwing nets
 G - 94 sling bullets
 L - 26 boomerangs
 X - 13 silver javelins
Armour
 e - a scarf of cloud immunity (worn)
 i - a +1 hat (worn)
 n - a +1 pair of gloves of dexterity (worn)
 C - a +0 buckler (worn)
 H - a +3 scale mail of poison resistance (worn)
 P - a +2 leather armour of cold resistance
Jewellery
 r - the brooch of Shielding (around neck) {Reflect SH+8}
   (You bought it in a shop on level 2 of the Orcish Mines)

   [amulet of reflection]

   It shields you and reflects attacks.
   It affects your SH (+8).
 A - a ring of see invisible (right hand)
 O - an uncursed ring of protection from cold
 T - a +3 ring of protection (left hand)
Wands
 l - a wand of iceblast (27)
 x - a wand of disintegration (11)
 M - a wand of acid (18)
 N - a wand of scattershot (6)
 W - a wand of digging (6)
 Z - a wand of clouds (7)
Scrolls
 h - 3 scrolls of teleportation
 j - a scroll of immolation
 q - a scroll of blinking
 t - 4 scrolls of magic mapping {unknown}
 u - 8 scrolls of remove curse
 v - a scroll of enchant weapon
 I - a scroll of summoning
 K - 3 scrolls of fear
 R - a scroll of brand weapon
 V - a scroll of enchant armour
Potions
 f - 7 potions of curing
 k - 5 potions of lignification {unknown}
 m - 4 potions of heal wounds
 p - 4 potions of flight {unknown}
 F - 2 potions of resistance {unknown}
 J - a potion of magic {unknown}
 Q - 2 potions of agility {unknown}
 U - a potion of mutation
 Y - a potion of cancellation
Books
 S - a manual of Short Blades
Miscellaneous
 d - 2 phantom mirrors
 o - a sack of spiders
Comestibles
 c - 31 rations


   Skills:
 - Level 10.4(14.8) Fighting
 - Level 10.0(14.4) Long Blades
   Level 1.2(5.6) Polearms
 + Level 10.4(15.2) Slings
 - Level 4.9(12.7) Throwing
 + Level 7.7(12.1) Armour
 - Level 2.6(7.1) Dodging
 - Level 1.7(6.2) Stealth
 - Level 4.0(8.4) Shields
 - Level 9.0(8.4) Invocations


You had 12 spell levels left.
You didn't know any spells.
Your spell library contained the following spells:

 Spells                   Type           Power        Failure   Level  Hunger
 Flame Tongue             Conj/Fire      #....        65%         1    ##.....
 Freeze                   Ice            #...         65%         1    ##.....
 Sandblast                Erth           #.....       65%         1    ##.....
 Passwall                 Tmut/Erth      #.......     80%         2    ###....
 Throw Flame              Conj/Fire      #.....       80%         2    ###....
 Throw Frost              Conj/Ice       #.....       80%         2    ###....
 Conjure Flame            Conj/Fire      #.......     95%         3    ####...
 Inner Flame              Hex/Fire       #.......     95%         3    ####...
 Ozocubu's Armour         Chrm/Ice       #.......     95%         3    ####...
 Stone Arrow              Conj/Erth      #.....       95%         3    ####...
 Ice Form                 Ice/Tmut       #.......     100%        4    #####..
 Petrify                  Tmut/Erth      #.......     100%        4    #####..
 Sticky Flame             Conj/Fire      #.......     100%        4    #####..
 Summon Ice Beast         Ice/Summ       #.......     100%        4    #####..
 Throw Icicle             Conj/Ice       #.......     100%        4    #####..
 Fireball                 Conj/Fire      #.........   100%        5    ######.
 Lee's Rapid Deconstruct  Erth           #.........   100%        5    ######.
 Metabolic Englaciation   Hex/Ice        #.........   100%        5    ######.
 Bolt of Cold             Conj/Ice       #.........   100%        6    #######
 Freezing Cloud           Conj/Ice/Air   #.........   100%        6    #######
 Ozocubu's Refrigeration  Ice            #.........   100%        6    #######
 Simulacrum               Ice/Necr       #.........   100%        6    #######
 Haunt                    Necr/Summ      #.........   100%        7    #######
 Borgnjor's Revivificati  Necr           #.........   100%        8    #######
 Death's Door             Chrm/Necr      #.........   100%        8    #######
 Infestation              Necr           #.........   100%        8    #######
 Necromutation            Tmut/Necr      #.........   100%        8    #######


Dungeon Overview and Level Annotations

Branches:
Dungeon (11/15)            Temple (1/1) D:4            Lair (0/6) D:11
    Orc (2/2) D:9          Bailey (visited)           IceCv (visited)
    Elf: Orc:2

Altars:
Dithmenos
Gozag
Nemelex Xobeh
Okawaru
Xom
Yredelemnul

Shops:
D:9 *   Orc:2 =*([

Annotations:
D:6 3 runed translucent doors, Nr616's ghost, novice MiGl


Innate Abilities, Weirdness & Mutations

You have hooves in place of feet.
You are surrounded by a mild repulsion field. (EV +2)
You sometimes gain power by taking damage.
You are agile. (Dex +2)


Message History

* * * LOW HITPOINT WARNING * * *
You closely miss the orc sorcerer. You kick the orc sorcerer.
The orc sorcerer is almost dead.
You are covered in liquid flames!
* * * LOW HITPOINT WARNING * * *
The smoke demon misses you. You block the smoke demon's attack.
The smoke demon hits you but does no damage.
You block the orc sorcerer's attack.
You closely miss the orc sorcerer. Your kick misses the orc sorcerer.
The orc sorcerer is almost dead.
You are covered in liquid flames!
* * * LOW HITPOINT WARNING * * *
You block the smoke demon's attack.
The smoke demon hits you but does no damage. x2
Blink to where?
Press: ? - help, Dir - move target cursor, p - smoke demon You are very lightly contaminated with residual magic.
As you read the scroll of blinking, it crumbles to dust.
You are covered in liquid flames!
You die...

##..........3...###
##.........3o....#
#.........ยง#
##........##
#....#...#
##.....#..##
#.......#..#
##.....###.###
#..@#### ##..###
##....# #.....#
#....## ##.#.##
##.### ##### ###


You could see a smoke demon.

Vanquished Creatures
  An orc warlord (Orc:2)
  Snorg (D:10)
  Josephine (D:10)
  Harold (D:11)
  Urug (D:11)
  2 orc high priests (Orc:2)
  Sonja (D:11)
  A wizard (D:10)
  Pikel (D:6)
  A necromancer (IceCv)
  5 orc knights (Orc:2)
  2 cyclopes
  An ugly thing (D:10)
  4 orc sorcerers
  An ice statue (IceCv)
  10 freezing wraiths (IceCv)
  5 trolls
  A hippogriff (D:11)
  14 yaks
  3 wraiths (D:10)
  4 hogs (D:7)
  A human (D:7)
  2 hungry ghosts
  A death yak simulacrum (IceCv)
  4 wargs
  A porcupine (D:11)
  9 ice beasts
  26 orc warriors
  3 slaves (D:6)
  An alligator simulacrum (IceCv)
  A black bear (D:9)
  6 ogres
  5 phantoms
  A boggart (D:10)
  11 centaurs
  A big kobold (D:10)
  9 bullfrogs
  4 scorpions
  4 howler monkeys
  A crimson imp (D:9)
  A centaur zombie (D:6)
  A bullfrog zombie (D:10)
  4 hounds
  6 draconian simulacra (IceCv)
  9 orc priests
  5 jellies
  Ijyb (D:4)
  A centaur skeleton (D:4)
  4 iguanas
  16 orc wizards
  8 worker ants
  A polar bear simulacrum (IceCv)
  4 spriggan simulacra (IceCv)
  4 troll simulacra (IceCv)
  A wolf simulacrum (IceCv)
  2 centaur simulacra (IceCv)
  A howler monkey zombie (D:6)
  4 worker ant zombies
  Robin (D:2)
  8 adders
  2 naga simulacra (IceCv)
  2 ogre simulacra (IceCv)
  3 shadow imps
  12 white imps (IceCv)
  An adder zombie (D:6)
  3 adder skeletons
  A dart slug (D:1)
  7 leopard geckos
  40 orcs
  10 bats
  2 giant cockroaches
  11 goblins
  9 hobgoblins
  10 jackals
  24 kobolds
  3 quokkas
  2 ball pythons
  3 frilled lizards
  A leopard gecko skeleton (D:5)
  6 rats
  14 fungi (Orc:2)
400 creatures vanquished.

Vanquished Creatures (others)
  2 orcs (Orc:2)
  27 fungi (Orc:2)
29 creatures vanquished.

Grand Total: 429 creatures vanquished

Notes
Turn   | Place    | Note
-------+----------+-------------------------------------------
     0 | D:1      | Fukker the Demonspawn Monk began the quest for the Orb.
     0 | D:1      | Reached XP level 1. HP: 18/18 MP: 1/1
   133 | D:1      | Gained mutation: You sometimes gain a little power by
                  | taking damage. [demonic ancestry]
   133 | D:1      | Reached XP level 2. HP: 24/24 MP: 2/2
   982 | D:2      | Gained mutation: You have large cloven feet. [demonic
                  | ancestry]
   982 | D:2      | Reached XP level 3. HP: 22/29 MP: 3/3
  1618 | D:2      | Reached XP level 4. HP: 19/35 MP: 4/4
  2120 | D:2      | Noticed Robin
  2894 | D:2      | Killed Robin
  2900 | D:2      | Reached skill level 5 in Long Blades
  3487 | D:3      | Gained mutation: You have hoof-like feet. [demonic
                  | ancestry]
  3487 | D:3      | Reached XP level 5. HP: 40/41 MP: 5/5
  3566 | D:3      | Noticed a centaur
  3574 | D:3      | Gained mutation: You are agile. (Dex +2) [potion of
                  | mutation]
  3574 | D:3      | Gained mutation: You have hooves in place of feet. [potion
                  | of mutation]
  3722 | D:3      | Killed a centaur
  3722 | D:3      | Reached skill level 1 in Throwing
  3909 | D:5      | Entered Level 5 of the Dungeon
  3909 | D:5      | Found a basalt altar of Yredelemnul.
  4096 | D:5      | Reached XP level 6. HP: 45/47 MP: 6/6
  4233 | D:4      | Reached skill level 1 in Armour
  4343 | D:4      | Noticed Ijyb
  4353 | D:4      | Killed Ijyb
  4353 | D:4      | Reached skill level 1 in Polearms
  4353 | D:4      | Reached XP level 7. HP: 43/52 MP: 7/7
  4474 | D:4      | Found a staircase to the Ecumenical Temple.
  4486 | Temple   | Entered the Ecumenical Temple
  4493 | Temple   | Became a worshipper of Warmaster Okawaru
  4493 | Temple   | Reached * piety under Okawaru
  4493 | Temple   | Reached ** piety under Okawaru
  4713 | D:4      | Reached skill level 1 in Shields
  5388 | D:6      | Reached skill level 1 in Invocations
  5417 | D:6      | Reached skill level 1 in Slings
  5427 | D:6      | Found a runed translucent gate.
  5427 | D:6      | Found a runed translucent gate.
  5427 | D:6      | Found a runed translucent gate.
  5428 | D:6      | Noticed Nr616's ghost (novice MiGl)
  5437 | D:6      | Got a sapphire-encrusted plate armour
  5508 | D:6      | Noticed Pikel
  5560 | D:6      | Killed Pikel
  5560 | D:6      | Reached XP level 8. HP: 58/58 MP: 9/9
  5654 | D:6      | Reached *** piety under Okawaru
  6586 | D:7      | Gained mutation: You are surrounded by a mild repulsion
                  | field. (EV +2) [demonic ancestry]
  6586 | D:7      | Reached XP level 9. HP: 23/63 MP: 7/10
  6860 | D:7      | Received a gift from Okawaru
  6867 | D:7      | Reached skill level 10 in Long Blades
  6872 | D:7      | Reached skill level 5 in Invocations
  6917 | D:7      | Reached **** piety under Okawaru
  7192 | D:7      | Got a dazzling helmet
  7203 | D:7      | Identified the cursed -4 helmet of Zorchidd {Regen+ Str+2
                  | Int+3 Dex-2} (You found it on level 7 of the Dungeon)
  7569 | D:8      | Reached ***** piety under Okawaru
  7623 | D:8      | Mutation became permanent: You have hoof-like feet.
                  | [demonic ancestry]
  7623 | D:8      | Gained mutation: You have hooves in place of feet. [demonic
                  | ancestry]
  7623 | D:8      | Reached XP level 10. HP: 67/73 MP: 15/15
  8036 | D:9      | Found a staircase to the Orcish Mines.
  8056 | D:9      | Found a sparkling altar of Nemelex Xobeh.
  8224 | D:9      | Reached skill level 5 in Fighting
  8671 | D:9      | Found Zogua's Assorted Antiques.
  8701 | D:9      | Bought a scroll of identify for 50 gold pieces
  9234 | D:10     | Entered Level 10 of the Dungeon
  9335 | D:10     | Found a flagged portal.
  9390 | Bailey   | Entered a bailey
  9683 | Bailey   | Found a burning altar of Makhleb.
  9814 | D:10     | Received a gift from Okawaru
 10071 | D:10     | Noticed a wizard
 10090 | D:10     | Identified the cursed +1 plate armour of Uhoocup {Slay+2}
                  | (You found it on level 6 of the Dungeon)
 10160 | D:10     | Noticed Snorg
 10173 | D:10     | Killed Snorg
 10173 | D:10     | Reached skill level 5 in Armour
 10176 | D:10     | Gained mutation: You sometimes gain power by taking damage.
                  | [demonic ancestry]
 10176 | D:10     | Reached XP level 11. HP: 84/84 MP: 14/16
 10182 | D:10     | Noticed a cyan ugly thing
 10183 | D:10     | Noticed Josephine
 10210 | D:10     | Killed Josephine
 10216 | D:10     | Killed a wizard
 10542 | D:10     | Killed a cyan ugly thing
 10773 | D:11     | Noticed Harold
 10786 | D:11     | Killed Harold
 10798 | D:11     | Found an opulent altar of Gozag.
 10945 | D:11     | Found a frozen archway.
 10968 | IceCv    | Entered an ice cave
 10988 | IceCv    | Reached skill level 5 in Slings
 11586 | IceCv    | Found an ancient bone altar of Kikubaaqudgha.
 11615 | IceCv    | Received a gift from Okawaru
 11948 | IceCv    | Noticed a necromancer
 11982 | IceCv    | Killed a necromancer
 11982 | IceCv    | Reached XP level 12. HP: 81/96 MP: 13/18
 12295 | D:11     | Noticed Urug
 12312 | D:11     | Killed Urug
 12371 | D:11     | Noticed Sonja
 12400 | D:11     | Killed Sonja
 12400 | D:11     | Reached skill level 10 in Fighting
 12690 | D:11     | Found a staircase to the Lair.
 12992 | Orc:1    | Entered Level 1 of the Orcish Mines
 13247 | Orc:2    | Entered Level 2 of the Orcish Mines
 13349 | Orc:2    | Noticed an orc high priest
 13362 | Orc:2    | Killed an orc high priest
 13515 | Orc:2    | Found Jumatz's Antique Armour Boutique.
 13645 | Orc:2    | Received a gift from Okawaru
 13875 | Orc:2    | Noticed an orc warlord
 13924 | Orc:2    | Killed an orc warlord
 14175 | Orc:2    | Noticed an orc high priest
 14183 | Orc:2    | Killed an orc high priest
 14183 | Orc:2    | Received a gift from Okawaru
 14418 | Orc:2    | Received a gift from Okawaru
 14438 | Orc:2    | Found Zaesal's Antique Weapon Shop.
 14744 | Orc:2    | Reached skill level 10 in Slings
 14751 | Orc:2    | Reached XP level 13. HP: 71/104 MP: 17/19
 14845 | Orc:2    | Found Avibojaw's General Store.
 14853 | Orc:2    | Found Dymov's Jewellery Emporium.
 14862 | Orc:2    | Bought the brooch of Shielding {Reflect SH+8} for 1594 gold
                  | pieces
 14862 | Orc:2    | Found the brooch of Shielding {Reflect SH+8}
 14902 | Orc:2    | Paralysed by an orc sorcerer for 7 turns
 15229 | Orc:2    | Paralysed by an orc sorcerer for 7 turns
 15241 | Orc:2    | HP: 5/104 [burnt (2)]
 15243 | Orc:2    | Incinerated by a smoke demon

Levels and vault maps discovered:
D:1:      denvon_arrival_planthouse, layout_basic, chequers_serial_rivers_marsh
D:2:      minmay_door_path, layout_basic, uniq_robin
D:3:      layout_loops_ring, first_ration, kennysheep_generic_room_14
D:4:      layout_loops_cross, minmay_temple_entry_gardened_gates,
          kennysheep_flooded_box, bh_chokoban, uniq_ijyb
D:5:      layout_gridville, lemuel_crystal_altar, lemuel_old_faithful
D:6:      layout_cave_pods, gammafunk_ghost_split, minmay_manual_mullet,
          uniq_pikel
D:7:      layout_basic, grunt_livestock
D:8:      layout_gridville
D:9:      layout_layer_cave, orc_0_dummy, basic_altar, serial_shops,
          nicolae_shop_window_shopping
D:10:     layout_rooms, enter_bailey_2, minmay_diamond_spiral, uniq_snorg,
          uniq_josephine
D:11:     layout_gridville, grunt_lair_entry_orc_guard_hut,
          portal_ice_cave_entry_pillars_2, grunt_gozag_breadcrumbs, uniq_harold,
          uniq_urug, uniq_sonja
Temple:   minmay_crystal_snake_temple
Orc:1:    layout_caves
Orc:2:    grunt_orc_gardens, layout_diamond_mine, grunt_orc_garden,
          grunt_orc_garden, grunt_orc_garden, grunt_orc_garden,
          nicolae_orc_tapped_out

Skill      XL: |  1  2  3  4  5  6  7  8  9 10 11 12 |
---------------+-------------------------------------+-----
Long Blades    | 3 4 5 6 8 9 10 | 10.0
Throwing       | 1 2 4 |  4.9
Armour         | 1 3 5 7 |  7.7
Polearms       | 1 |  1.2
Shields        | 3 4 |  4.0
Invocations    | 2 7 9 |  9.0
Slings         | 1 3 6 10 | 10.4
Fighting       | 4 7 9 10 | 10.4
Dodging        | |  2.6
Stealth        | |  1.7

Action                   |  1- 3 |  4- 6 |  7- 9 | 10-12 | 13-15 || total
-------------------------+-------+-------+-------+-------+-------++-------
Melee: Falchion          |    94 |    36 |   198 |   669 |    37 ||  1034
       Kick              |     7 |    29 |    60 |   280 |    15 ||   391
       Spear             |       |   124 |    13 |       |       ||   137
 Fire: Fustibalus        |       |       |       |   161 |    10 ||   171
Throw: Stone             |     1 |       |       |       |       ||     1
       Dart              |       |    22 |    48 |    26 |       ||    96
       Boomerang         |       |       |    31 |    47 |       ||    78
       Throwing net      |       |       |       |     5 |       ||     5
Invok: Heroism           |       |       |     3 |    20 |     1 ||    24
       Finesse           |       |       |       |     5 |       ||     5
Evoke: Wand              |       |       |       |     1 |       ||     1
  Use: Potion            |       |     2 |       |     1 |       ||     3
       Scroll            |       |     5 |     4 |    13 |     1 ||    23
 Stab: Sleeping          |     2 |     4 |     3 |     2 |       ||    11
       Distracted        |       |     1 |       |       |       ||     1
       Held in net/web   |       |       |       |     5 |       ||     5
  Eat: Chunk             |     2 |     6 |    20 |    27 |       ||    55
       Ration            |       |     1 |       |       |       ||     1
Armor: Robe              |    19 |     8 |       |       |       ||    27
       Ring mail         |       |    21 |     5 |       |       ||    26
       Leather armour    |       |       |    32 |    64 |       ||    96
       Scale mail        |       |       |       |    53 |    22 ||    75
Dodge: Dodged            |    69 |    91 |    81 |   277 |    15 ||   533
Block: Buckler           |       |       |    30 |   119 |    20 ||   169
       Reflection        |       |       |       |       |     2 ||     2
       Rpst.: Falchion   |    23 |     5 |    20 |    64 |     3 ||   115

Table legend:
 A = Non-vault XP
 B = Vault XP
 C = Vault XP percentage of total XP
 D = Non-vault monster count
 E = Vault monster count
 F = Vault count percentage of total count
                 A         B        C        D         E       F
            +---------+---------+-------+---------+---------+-------
      Total |   15131 |   26025 |  63.2 |     245 |     139 |  36.2
            +---------+---------+-------+---------+---------+-------
        D:1 |      37 |       0 |   0.0 |      21 |       0 |   0.0
        D:2 |      60 |      64 |  51.6 |      16 |      10 |  38.5
        D:3 |     156 |       4 |   2.5 |      18 |       2 |  10.0
        D:4 |     533 |      39 |   6.8 |      21 |       1 |   4.5
        D:5 |     230 |       0 |   0.0 |      13 |       0 |   0.0
        D:6 |     327 |     843 |  72.1 |      10 |       6 |  37.5
        D:7 |    1669 |     983 |  37.1 |      29 |       5 |  14.7
        D:8 |     978 |       0 |   0.0 |      13 |       0 |   0.0
        D:9 |    1733 |       0 |   0.0 |      18 |       0 |   0.0
       D:10 |    1856 |    4223 |  69.5 |      18 |       9 |  33.3
       D:11 |    2575 |    3237 |  55.7 |      16 |       9 |  36.0
      Orc:1 |    1773 |       0 |   0.0 |      14 |       0 |   0.0
      Orc:2 |    3204 |    9722 |  75.2 |      38 |      27 |  41.5
     Bailey |       0 |     410 | 100.0 |       0 |      16 | 100.0
      IceCv |       0 |    6500 | 100.0 |       0 |      54 | 100.0
            +---------+---------+-------+---------+---------+-------
